Description

Based on Vibe's bronze to gm series. Should work all the way to plat and low diamond.

Replay - Testing the build

Build Order

Get SALT Encoding   

  12  0:02  Drone  
  13  0:18  Overlord  
  13  0:24  Drone  
  14  0:43  Drone x3  
  17  1:17  Hatchery  
  17  1:18  Drone  
  17  1:40  Spawning Pool  
  17  1:43  Drone x2  
  18  1:52  Drone  
  19  2:03  Drone  
  20  2:11  Extractor  
  19  2:20  Overlord  
  19  2:45  Queen  
  22  2:58  Queen  
  31  3:49  Queen  
  34  3:58  Overlord  
  36  4:20  Roach Warren  
  36  4:28  Evolution Chamber  
  37  4:39  Extractor x2  
  42  5:03  Overlord  
  42  5:23  Zerg Missile Weapons Level 1  
  42  5:28  Lair  
  42  5:34  Evolution Chamber  
  42  5:35  Overlord  
  47  5:40  Roach x2  
  51  6:21  Roach x4  
  59  6:42  Glial Reconstitution  
  59  6:52  Roach x4  
  77  7:23  Hatchery  
  92  8:37  Zerg Ground Armor Level 1, Zerg Missile Weapons Level 2  
  91  8:50  Hydralisk Den  
  91  8:57  Overseer  
Spawning Tool Build Advisor. Get it on Overwolf

Analysis

Timing one: 45 drones, 3 queens, 14-18 roaches with speed and +1. Timing two: 66 drones, +2 ranged, +1 armor, roaches to 120 supply. Timing three: 75 drones, roach+hydra (2-1 ratio) max supply while preparing broodlords for end game.

Go to:

Details

  • Created by: Rekijan
  • Published on: Jan 20, 2019
  • Modified on: Jan 20, 2019
  • Patch: 4.7.1
  • Difficulty: Easy
Show
View Real Time Build Order
Export as new Build Order

Comments (2)

On Jan. 27, 2019, 1:55 p.m., Rekijan  said:

Hi, I mainly put this up for myself to follow. So the times are from a replay of me playing not the actual times. I tried changing them but they don't save.

On Jan. 27, 2019, 12:41 p.m., mels0n  said:

The times don't appear to line up with in game clock???

Create an account to comment!